 Dungeon Crawl Stone Soup version 0.30-b1-2-g02819fbbbe (webtiles) character file.

Game seed: 14119178706377954119

594 snakesoul the Magician (level 7, -2/45 HPs)
             Began as a Djinni Ice Elementalist on June 4, 2023.
             Was an Initiate of Makhleb.
             Shot with an arrow by a centaur (14 damage)
             ... on level 6 of the Dungeon.
             The game lasted 00:07:46 (4699 turns).

snakesoul the Magician (Djinni Ice Elementalist)    Turns: 4699, Time: 00:07:47

Health: -2/45      AC:  2    Str:  7    XL:     7   Next: 67%
Gold:   191        EV: 12    Int: 31    God:    Makhleb [......] SH:  0 Dex: 13

rFire   + + .        f - +2 dagger (venom)
rCold   x . .        (no shield)
rNeg    . . .        a - +0 robe
rPois   ∞            (no helmet)
rElec   .            (no cloak)
rCorr   .            (no gloves)
SInv    .            (boots unavailable)
Will    .....        (no amulet)
Stlth   ++           m - +6 ring of intelligence
HPRegen 0.27/turn    k - +6 ring of intelligence
MPRegen 0.00/turn

%: infuse magic (-3 HP)
@: freezing walls, flying
A: sickness immunity, fire resistance 2, cold vulnerability 1, float, innate
caster, HP casting, extra vitality 1
a: Renounce Religion


You were on level 6 of the Dungeon.
You worshipped Makhleb.
Makhleb was noncommittal.
You visited 2 branches of the dungeon, and saw 7 of its levels.

You collected 191 gold pieces.

Inventory:

Hand Weapons
 f - a +2 dagger of venom (weapon)
Armour
 a - a +0 robe (worn)
Jewellery
 b - a +6 ring of strength
 k - a +6 ring of intelligence (right hand)
 m - a +6 ring of intelligence (left hand)
 o - a ring of ice
Wands
 n - a wand of flame (15)
Scrolls
 c - 3 scrolls of teleportation {unknown}
 e - a scroll of magic mapping {unknown}
 g - 2 scrolls of vulnerability {unknown}
 h - 5 scrolls of enchant armour {unknown}
 i - 2 scrolls of silence {unknown}
 j - a scroll of identify {unknown}
Potions
 d - a potion of heal wounds {unknown}
 l - 2 potions of attraction {unknown}


   Skills:
 - Level 2.1 Dodging
 - Level 1.5 Stealth
 + Level 6.8 Spellcasting


You knew the following spells:

 Your Spells              Type           Power      Damage    Failure   Level
a - Freeze                Ice            100%       1d10      1%          1
b - Frozen Ramparts       Ice            100%       1d16      1%          3
c - Ozocubu's Armour      Ice            52%        N/A       1%          3
d - Summon Ice Beast      Ice/Summ       52%        N/A       2%          4
e - Foxfire               Conj/Fire      100%       2x1d9     1%          1
f - Lesser Beckoning      Tloc           100%       N/A       1%          2
g - Poisonous Vapours     Pois/Air       100%       N/A       1%          2
Your spell library was empty.

Dungeon Overview and Level Annotations

Branches:
Dungeon (6/15)             Temple (1/1) D:5

Altars:
Ashenzari
Cheibriados
Elyvilon
Fedhas
Gozag
Makhleb
Ru
Wu Jian
Yredelemnul
Zin

Shops:
D:4 (


Innate Abilities, Weirdness & Mutations

You are immune to sickness and miasma.
You are immune to poison.
Your flesh is very heat resistant. (rF++)
You are vulnerable to cold. (rC-)
You float through the air rather than walking.
You learn spells naturally, not from books.
Your magical power is your life essence.
You have superior vitality. (+4 MHP)


Message History

The phantom is almost destroyed.
The phantom completely resists.
The wall freezes the phantom but does no damage.
The phantom hits you.
Your ice beast hits the phantom.
Your ice beast freezes the phantom.
The phantom resists.
You hit the phantom.
You destroy the phantom!
Makhleb accepts your kill.
No target in view!
The frozen ramparts melt away.
Your ice beast disappears in a puff of smoke!
HP restored.
The frilled lizard hisses angrily.
Found a scale mail.
Found a pair of boots.
Found a leather armour.
A centaur comes into view.
Found a robe and a scroll labelled MIKHOI YDU NUA.
Casting: Frozen Ramparts (safe; 1% risk of failure)
Confirm with . or Enter, or press ? or * to list all spells.
Casting: Frozen Ramparts (safe; 1% risk of failure)
Press: ? - help, Dir - look around, f - activate The walls around you are covered in ice.
The centaur shouts!
The wall freezes the centaur.
The centaur wields a +0 shortbow.
The centaur shoots an arrow.
The arrow hits you!
Casting: Frozen Ramparts (safe; 1% risk of failure)
Confirm with . or Enter, or press ? or * to list all spells.
A chill wind blows around you.
The wall freezes the centaur but does no damage.
The centaur shoots an arrow.
The arrow hits you!
Casting: Summon Ice Beast (dangerous; 2% risk of failure)
Confirm with . or Enter, or press ? or * to list all spells.
Aiming: Poisonous Vapours (safe; 1% risk of failure)
Press: ? - help, Dir - move target, f - centaur
Aim: a centaur, wielding a +0 shortbow (lightly wounded, ally target) Poisonous vapours surround the centaur!
The centaur is poisoned.
* * * LOW HITPOINT WARNING * * *
The wall freezes the centaur.
The centaur shoots an arrow.
The arrow hits you!
You die...

...##########
.#####~....######....?.
.####.~.~..~##..#...[.#
...###########..+.....+
##..............#.....#
######.........#.....#
#....####.#c....#
#....# #.#.....# #....#
#.@...[.#
#..[.#.b#Y.[....#
#....#~~#.......#
######~.#..####.+
#~.#..# # #..#...
##~#... ###....


You could see a centaur (very poisoned, ally target), a bat and a friendly ice
beast (summoned).

Vanquished Creatures
  A phantom (D:6)
  A scorpion (D:5)
  A hound (D:4)
  2 orc priests
  2 iguanas (D:5)
  4 adders
  5 worms
  A dart slug (D:3)
  6 orcs
  7 ball pythons
  4 bats
  An endoplasm (D:2)
  3 giant cockroaches
  11 goblins
  8 hobgoblins
  10 jackals
  6 kobolds
  3 quokkas
  8 frilled lizards
  4 rats
88 creatures vanquished.

Vanquished Creatures (collateral kills)
  Eustachio (D:5)
  An iguana (D:5)
  3 orcs (D:5)
5 creatures vanquished.

Vanquished Creatures (others)
  67 foxfires
  10 fungi (D:6)
77 creatures vanquished.

Grand Total: 170 creatures vanquished

Notes
Turn   | Place    | Note
-------+----------+-------------------------------------------
     0 | D:1      | snakesoul the Djinni Ice Elementalist began the quest for
                  | the Orb.
     0 | D:1      | snakesoul set off with the following spells memorised:
                  | Freeze, Frozen Ramparts, Ozocubu's Armour, Summon Ice
                  | Beast.
     0 | D:1      | Reached XP level 1. HP: 15/15 MP: 0/0
   166 | D:1      | Reached XP level 2. HP: 20/21 MP: 0/0
   217 | D:1      | Found a faded altar of an unknown god.
   622 | D:1      | Reached XP level 3. HP: 20/25 MP: 0/0
   622 | D:1      | Learned a level 1 spell: Foxfire
  1014 | D:1      | Reached skill level 4 in Spellcasting
  1362 | D:2      | Reached XP level 4. HP: 15/31 MP: 0/0
  2298 | D:3      | Reached XP level 5. HP: 31/35 MP: 0/0
  2298 | D:3      | Learned a level 2 spell: Lesser Beckoning
  2422 | D:3      | Reached skill level 5 in Spellcasting
  3072 | D:4      | Found a blossoming altar of Fedhas.
  3083 | D:4      | Found a glowing silver altar of Zin.
  3117 | D:4      | Found Uschapn's Weapon Shop.
  3482 | D:4      | Found a white marble altar of Elyvilon.
  3735 | D:5      | Entered Level 5 of the Dungeon
  3743 | D:5      | Reached XP level 6. HP: 28/40 MP: 0/0
  3857 | D:5      | Found a staircase to the Ecumenical Temple.
  3871 | Temple   | Entered the Ecumenical Temple
  3917 | Temple   | Became a worshipper of Makhleb the Destroyer
  4176 | D:5      | Found a sacrificial altar of Ru.
  4321 | D:5      | Noticed Eustachio
  4329 | D:5      | Killed Eustachio
  4330 | D:5      | Reached skill level 6 in Spellcasting
  4330 | D:5      | Reached XP level 7. HP: 36/45 MP: 0/0
  4330 | D:5      | Learned a level 2 spell: Poisonous Vapours
  4699 | D:6      | Shot with an arrow by a centaur

Illustrated notes

Levels and vault maps discovered:
D:1:      nicolae_arrival_somewhat_less_tricky_arrival, layout_basic,
          shapermc_ecumenical_altar_starsandcircs, dreamdust_princess_corridor,
          chequers_garden, minmay_misc_feat_nine_boxes
D:2:      layout_loops_cross, kennysheep_generic_room_11
D:3:      layout_loops_ring, amcnicky_mini_pool_small
D:4:      layout_basic, mainiacjoe_overflow_tiny_flanked,
          grunt_temple_overflow_open, serial_shops, nicolae_shop_hallway_stairs
D:5:      layout_basic, nicolae_ru_sacrificial_ziggurat, lemuel_tele_altar,
          minmay_temple_entry_proselytizer, uniq_eustachio
D:6:      nicolae_whirlpool, layout_basic, riverfiend_overflow_shadow_ancestor,
          serial_aquarium, aquarium_bridge_square [aquarium_subvault_wall,
          aquarium_subvault_bridge, aquarium_subvault_bridge,
          aquarium_subvault_balcony], aquarium_window_fake, aquarium_window_2,
          aquarium_window_corridor_1, aquarium_window_2, aquarium_view_2b,
          aquarium_view_2c, aquarium_pool_1, nicolae_stop_n_shop_1
Temple:   jpeg_temple_alley_garden

Skill      XL: |  1  2  3  4  5  6 |
---------------+-------------------+-----
Spellcasting   | 4 5 6 |  6.8
Dodging        | |  2.1
Stealth        | |  1.5

Action                     |  1- 3 |  4- 6 |  7- 9 || total
---------------------------+-------+-------+-------++-------
  Melee: Dagger            |     8 |    16 |     7 ||    31
   Cast: Freeze            |    48 |    42 |       ||    90
         Foxfire           |       |    43 |     1 ||    44
         Frozen Ramparts   |       |    14 |     4 ||    18
         Summon Ice Beast  |       |     2 |     2 ||     4
         Poisonous Vapours |       |       |     1 ||     1
 Armour: Robe              |     3 |     4 |     1 ||     8
  Dodge: Dodged            |    35 |    28 |     3 ||    66
